 Dungeon Crawl Stone Soup version 0.17.1-3-g152610e (webtiles) character file.

11977 Glider the Tainter (level 11, -5/72 HPs)
             Began as an Octopode Venom Mage on Mar 25, 2016.
             Was a Believer of Vehumet.
             Slain by a spiny frog (14 damage)
             ... on level 2 of the Lair of Beasts on Mar 26, 2016.
             The game lasted 01:33:08 (15839 turns).

Glider the Tainter (Octopode Venom Mage)           Turns: 15839, Time: 01:33:08

Health: -5/72      AC:  5    Str: 12    XL:     11   Next: 86%
Magic:  19/19      EV: 14    Int: 21    God:    Vehumet [**....]
Gold:   725        SH:  5    Dex: 11    Spells: 5 memorised, 8 levels left

rFire  x . .     SeeInvis +     R - +7 falchion "Hell-Harrower" {freeze, rElec rF- Str+4}
rCold  + . .     Clarity  .     I - +0 buckler
rNeg   + . .     SustAt   +     (helmet restricted)
rPois  .         Gourm    .     v - amulet of rage
rElec  +         Spirit   .     p - ring of see invisible
rCorr  .         Warding  .     n - ring of positive energy
rMut   .         Stasis   .     F - ring of sustain attributes
MR     .....                    J - ring of stealth
Stlth  +++++++...               S - ring of protection from cold
                                (no ring)
                                (no ring)
                                (no ring)

@: not resistant to hostile enchantments, extremely stealthy
A: almost no armour, amphibious, 8 rings, constrict 8, rough black scales 1,
camouflage 1, regeneration 1, gelatinous body 1
a: Renounce Religion, Evoke Berserk Rage


You were on level 2 of the Lair of Beasts.
You worshipped Vehumet.
Vehumet was pleased with you.
You were not hungry.

You visited 2 branches of the dungeon, and saw 14 of its levels.

You collected 725 gold pieces.

Inventory:

Hand Weapons
 A - a +0 scimitar of flaming
 R - the +7 falchion "Hell-Harrower" (weapon) {freeze, rElec rF- Str+4}
   (You found it on level 9 of the Dungeon)

   It has been specially enchanted to freeze those struck by it, causing extra
   injury to most foes and up to half again as much damage against particularly
   susceptible opponents.
   It can also slow down cold-blooded creatures.
   It affects your strength (+4).
   It makes you vulnerable to fire.
   It insulates you from electricity.
 T - a +0 flail of holy wrath
Missiles
 i - 8 tomahawks of returning (quivered)
 Y - 3 poisoned tomahawks
Armour
 I - a +0 buckler (worn)
Jewellery
 n - a ring of positive energy (right tentacle)
 p - a ring of see invisible (left tentacle)
 v - an amulet of rage (around mantle)
 F - a ring of sustain attributes (on tentacle)
 J - a ring of stealth (on tentacle)
 S - a ring of protection from cold (on tentacle)
Wands
 L - a wand of disintegration (14)
 M - a wand of magic darts (21)
 P - a wand of magic darts (25)
 Q - a wand of flame (9)
 U - a wand of magic darts (17)
Scrolls
 h - 6 scrolls of blinking
 l - 3 scrolls of teleportation
 r - a scroll of fear {unknown}
 y - a scroll of noise {unknown}
 D - a scroll of magic mapping {unknown}
 G - a scroll of summoning {unknown}
 K - a scroll of random uselessness {unknown}
 N - 4 scrolls of remove curse
 W - a scroll of vulnerability {unknown}
Potions
 a - a potion of lignification {unknown}
 c - 4 potions of might
 e - a potion of degeneration {unknown}
 f - 2 potions of cancellation {unknown}
 j - 2 potions of curing
 o - 3 potions of agility {unknown}
 q - 3 potions of magic
 s - 4 potions of flight
 u - a potion of invisibility {unknown}
 w - a potion of ambrosia {unknown}
 z - a potion of mutation {unknown}
 B - 3 potions of resistance
 O - 2 potions of brilliance {unknown}
 X - 2 potions of poison {unknown}
Comestibles
 b - 8 bread rations
 d - a meat ration
 g - a beef jerky
 k - a slice of pizza


   Skills:
 * Level 6.0 Fighting
 * Level 6.0 Dodging
 - Level 8.0 Stealth
 - Level 5.6 Shields
 + Level 5.8 Spellcasting
 + Level 8.7 Conjurations
 - Level 4.0 Air Magic
 - Level 11.0 Poison Magic
 - Level 4.0 Evocations


You had 8 spell levels left.
You knew the following spells:

 Your Spells              Type           Power        Failure   Level  Hunger
a - Sting                 Conj/Pois      ####         1%          1    None
b - Cure Poison           Pois           ######....   1%          2    None
c - Mephitic Cloud        Conj/Pois/Air  #####...     1%          3    ##.....
d - Venom Bolt            Conj/Pois      #####.....   6%          5    #####..
e - Searing Ray           Conj           #####.       1%          2    None


Dungeon Overview and Level Annotations

Branches:
Dungeon (11/15)              Lair (3/8) D:11            Orc (0/4) D:9
 Temple: D:4-7        Swamp: Lair:3-6    Shoals: Lair:3-6     Snake: Lair:3-6
 Spider: Lair:3-6

Altars:
Dithmenos
Kikubaaqudgha
Makhleb
Okawaru
Ru
Trog
Vehumet
Xom

Shops:
D:8 }   D:9 [(

Annotations:
D:3 Sigmund
D:6 Pikel; cada's ghost, novice OpFi
D:10 CragHack's ghost, novice HEAE
Lair:3 Snorg


Innate Abilities, Weirdness & Mutations

You cannot wear most types of armour.
You are amphibious.
You can wear up to eight rings at the same time.
You can use your tentacles to constrict eight enemies at once.
Your skin changes colour to match your surroundings (Stealth).
Your rubbery body absorbs attacks (AC +1).
You are partially covered in rough black scales (AC +4, Dex -1).
Your natural rate of healing is unusually fast.


Message History

You kill the river rat!
Vehumet accepts your kill. The spiny frog barely misses you.
The river rat closely misses you.
The river rat bites you but does no damage.
The spiny frog misses you.
The river rat bites you but does no damage.
You hit the river rat. You freeze the river rat.
Your grab misses the river rat.
The river rat is moderately wounded.
The river rat bites you. The spiny frog stings you!
* * * LOW HITPOINT WARNING * * *
You are poisoned.
The spiny frog poisons you! The river rat closely misses you.
The river rat bites you.
* * * LOW HITPOINT WARNING * * *
Drink which item? (? for menu, Esc to quit)
You feel better. The spiny frog misses you. The river rat bites you!
* * * LOW HITPOINT WARNING * * *
The river rat misses you. The spiny frog stings you!
You die...

##P..≈.≈.≈..# ..........
...≈≈≈≈≈≈≈≈≈## .........P
...≈≈≈≈≈≈≈≈..# ....##..##
..≈≈≈≈≈≈≈≈≈≈≈# ........##
..≈≈≈≈†.≈≈≈≈.## ........##
#≈≈≈≈.>.≈≈≈≈≈# ........##
#≈≈≈≈...≈≈≈.P##..........♣
#.≈≈≈≈≈≈rr≈≈.......#...#..
....≈≈≈≈≈†@≈......###....##
....≈≈≈≈≈F.....### #..#.#
#......≈.≈......# ###...##
##...P#..........##...P## #
##..##.!.......##.#...# #
... .##.........#..######
## P# ##...##....†.##.#.#
.. ...######......P..
##....P...


You could see a spiny frog and 2 river rats.

Vanquished Creatures
  Erica (D:9)
  A cyclops (D:11)
  A black mamba (Lair:2)
  Psyche (D:9)
  A troll (D:10)
  2 two-headed ogres
  Prince Ribbit (D:7)
  A water elemental (D:11)
  2 humans (D:7)
  A wyvern (D:10)
  2 spriggans (Lair:2)
  Eustachio (D:6)
  16 yaks
  3 wolves
  A hippogriff (D:8)
  Menkaure (D:5)
  A hungry ghost (D:10)
  A water moccasin (D:7)
  A sky beast (D:9)
  7 orc warriors
  A wasp (D:7)
  3 ogres
  A black bear (Lair:2)
  A porcupine (Lair:1)
  3 ice beasts
  6 centaurs
  The ghost of Glider the Stinger, an amateur OpVM (D:3)
  A big kobold (D:9)
  A gnoll sergeant (D:8)
  12 giant frogs
  A scorpion (D:6)
  5 wights
  18 killer bees
  2 electric eels (D:11)
  4 crimson imps
  13 hounds
  3 jellies
  Crazy Yiuf (D:3)
  2 giant frog skeletons
  8 orc priests
  10 orc wizards
  Jessica (D:2)
  3 iguanas
  3 iron imps (D:5)
  5 worker ants
  A hound zombie (D:8)
  3 river rats
  10 adders
  19 gnolls
  An ooze (D:1)
  An adder zombie (D:6)
  2 adder skeletons (D:8)
  4 worms
  5 giant geckos
  50 orcs
  18 goblins
  8 hobgoblins
  11 jackals
  5 quokkas
  2 ball pythons
  7 bats
  4 giant cockroaches
  A giant gecko skeleton (D:4)
  6 giant newts
  13 kobolds
  4 rats
330 creatures vanquished.

Vanquished Creatures (collateral kills)
  A killer bee (D:9)
1 creature vanquished.

Vanquished Creatures (others)
  A yak (D:10)
  A killer bee (D:7)
  A fungus (Lair:3)
  A plant (Lair:3)
4 creatures vanquished.

Grand Total: 335 creatures vanquished

Notes
Turn   | Place    | Note
--------------------------------------------------------------
     0 | D:1      | Glider the Octopode Venom Mage began the quest for the Orb.
     0 | D:1      | Reached XP level 1. HP: 11/11 MP: 3/3
    69 | D:1      | Reached skill level 5 in Poison Magic
   195 | D:1      | Reached XP level 2. HP: 13/18 MP: 0/5
   199 | D:1      | Learned a level 2 spell: Cure Poison
   471 | D:1      | Reached skill level 1 in Fighting
   763 | D:1      | Reached XP level 3. HP: 20/23 MP: 6/6
   769 | D:1      | Learned a level 3 spell: Mephitic Cloud
  1320 | D:2      | Reached skill level 1 in Conjurations
  1461 | D:2      | Found a sacrificial altar of Ru.
  1514 | D:2      | Reached skill level 1 in Air Magic
  1514 | D:2      | Reached XP level 4. HP: 29/29 MP: 7/7
  1797 | D:2      | Noticed Jessica
  1801 | D:2      | Killed Jessica
  2031 | D:3      | Noticed Sigmund
  2424 | D:3      | Reached XP level 5. HP: 34/34 MP: 0/8
  2581 | D:3      | Noticed Glider's ghost (amateur OpVM)
  2880 | D:3      | Reached skill level 5 in Stealth
  3070 | D:4      | Reached XP level 6. HP: 35/39 MP: 1/9
  3531 | D:3      | Found an ancient bone altar of Kikubaaqudgha.
  3873 | D:3      | Noticed Crazy Yiuf
  3890 | D:3      | Killed Crazy Yiuf
  4007 | D:3      | Killed Glider's ghost
  4079 | D:4      | Reached XP level 7. HP: 45/45 MP: 10/10
  4285 | D:4      | Reached skill level 1 in Evocations
  4774 | D:5      | Entered Level 5 of the Dungeon
  4809 | D:5      | Noticed Menkaure
  5385 | D:5      | Found a burning altar of Makhleb.
  5427 | D:5      | Reached skill level 1 in Shields
  5688 | D:5      | Killed Menkaure
  5765 | D:6      | Reached XP level 8. HP: 47/52 MP: 8/11
  5869 | D:6      | Noticed Eustachio
  5883 | D:6      | Killed Eustachio
  6108 | D:6      | Found a shadowy altar of Dithmenos.
  6129 | D:6      | Reached skill level 5 in Shields
  6351 | D:6      | Learned a level 5 spell: Venom Bolt
  6366 | D:6      | Noticed cada's ghost (novice OpFi)
  6770 | D:6      | Found a shimmering altar of Xom.
  6826 | D:6      | Reached skill level 6 in Poison Magic
  6863 | D:6      | Noticed Pikel
  7277 | D:7      | Reached skill level 5 in Conjurations
  7277 | D:7      | Reached XP level 9. HP: 40/58 MP: 7/13
  7577 | D:7      | Reached skill level 7 in Poison Magic
  7921 | D:7      | Found an iron altar of Okawaru.
  8684 | D:7      | Reached skill level 8 in Poison Magic
  8975 | D:7      | Noticed Prince Ribbit
  9074 | D:7      | Killed Prince Ribbit
  9493 | D:8      | Reached skill level 5 in Fighting
  9504 | D:8      | Reached XP level 10. HP: 58/66 MP: 8/14
  9697 | D:8      | Found Yrete's Gadget Emporium.
 10041 | D:7      | Reached skill level 9 in Poison Magic
 10132 | D:8      | HP: 2/66 [acid (8)]
 10399 | D:8      | Found a radiant altar of Vehumet.
 10403 | D:8      | Became a worshipper of Vehumet
 10567 | D:8      | Found a bloodstained altar of Trog.
 11861 | D:8      | Noticed a skeletal warrior
 11861 | D:8      | Noticed a skeletal warrior
 11999 | D:9      | Gained mutation: Your natural rate of healing is unusually fast. [mutagenic meat]
 12000 | D:9      | Gained mutation: You are partially covered in rough black scales (AC +4, Dex -1). [mutagenic meat]
 12135 | D:9      | Reached * piety under Vehumet
 12135 | D:9      | Offered knowledge of Shock by Vehumet.
 12257 | D:9      | Noticed Erica
 12271 | D:9      | Killed Erica
 12665 | D:9      | Found a staircase to the Orcish Mines.
 12665 | D:9      | Found Ydwy's Armour Boutique.
 12665 | D:9      | Found Uscheise's Weapon Boutique.
 12673 | D:9      | Noticed Psyche
 12685 | D:9      | Reached skill level 10 in Poison Magic
 12702 | D:9      | Killed Psyche
 12872 | D:9      | Reached XP level 11. HP: 67/72 MP: 15/17
 13077 | D:9      | Got a warped falchion
 13078 | D:9      | Identified the +7 falchion "Hell-Harrower" {freeze, rElec rF- Str+4} (You found it on level 9 of the Dungeon)
 13431 | D:10     | Entered Level 10 of the Dungeon
 13654 | D:10     | Offered knowledge of Searing Ray by Vehumet.
 13666 | D:10     | Reached skill level 5 in Dodging
 14108 | D:10     | Learned a level 2 spell: Searing Ray
 14147 | D:10     | Reached ** piety under Vehumet
 14162 | D:10     | Noticed CragHack's ghost (novice HEAE)
 14238 | D:11     | Reached skill level 5 in Spellcasting
 14825 | D:11     | Found a staircase to the Lair.
 14912 | Lair:1   | Entered Level 1 of the Lair of Beasts
 15342 | Lair:1   | You fall through a shaft!
 15346 | Lair:2   | Noticed a six-headed hydra
 15414 | Lair:2   | Offered knowledge of Dazzling Spray by Vehumet.
 15639 | Lair:2   | Reached skill level 11 in Poison Magic
 15771 | Lair:2   | You fall through a shaft!
 15787 | Lair:3   | Noticed Snorg
 15839 | Lair:2   | Slain by a spiny frog

Action                   |  1- 3 |  4- 6 |  7- 9 | 10-12 || total
-------------------------+-------+-------+-------+-------++-------
Melee: Whip              |    46 |    79 |   229 |   186 ||   540
       Unarmed           |     4 |       |       |       ||     4
       Falchion          |       |       |       |   133 ||   133
Throw: Stone             |     7 |     8 |     9 |     2 ||    26
       Tomahawk          |       |       |       |     4 ||     4
 Cast: Sting             |    25 |    55 |   108 |    85 ||   273
       Mephitic Cloud    |       |     7 |    31 |    53 ||    91
       Cure Poison       |       |     3 |       |     4 ||     7
       Searing Ray       |       |       |       |    10 ||    10
Evoke: Wand              |       |     5 |     2 |    21 ||    28
  Use: Potion            |       |     1 |     4 |     4 ||     9
       Scroll            |       |       |     6 |     7 ||    13
 Stab: Sleeping          |     6 |     4 |    14 |    12 ||    36
       Distracted        |       |     1 |     1 |       ||     2
       Confused          |       |     2 |    11 |    10 ||    23
  Eat: Chunk             |     2 |     9 |    21 |    22 ||    54
       Meat ration       |       |       |       |     1 ||     1
